 Dungeon Crawl Stone Soup version 0.19-a0-1655-gdd95918 (webtiles) character file.

51 LORDOFBUTT the Sneak (level 3, -6/21 HPs)
             Began as an Octopode Enchanter on Sept 21, 2016.
             Mangled by a gnoll
             ... wielding a +0 whip
              (7 damage)
             ... on level 2 of the Dungeon.
             The game lasted 00:01:29 (1113 turns).

LORDOFBUTT the Sneak (Octopode Enchanter)           Turns: 1113, Time: 00:01:30

Health: -6/21      AC:  1    Str:  7    XL:     3   Next: 81%
Magic:  6/6        EV: 13    Int: 17    God:
Gold:   34         SH:  0    Dex: 13    Spells: 1 memorised, 5 levels left

rFire  . . .     SeeInvis .     a - +1 dagger
rCold  . . .     Gourm    .     (no shield)
rNeg   . . .     Faith    .     (helmet restricted)
rPois  .         Spirit   .     (no amulet)
rElec  .         Dismiss  .     (no ring)
rCorr  .         Reflect  .     (no ring)
MR     .....     Harm     .     (no ring)
Stlth  ++++......               (no ring)
                                (no ring)
                                (no ring)
                                (no ring)
                                (no ring)

@: no status effects
A: almost no armour, stealthy swim, amphibious, 8 rings, constrict 8, camouflage
1, gelatinous body 1
a: no special abilities


You were on level 2 of the Dungeon.
You were hungry.

You visited 1 branch of the dungeon, and saw 2 of its levels.

You collected 34 gold pieces.

Inventory:

Hand Weapons
 a - a +1 dagger (weapon)
Jewellery
 m - an uncursed ring of protection from fire {unknown}
Scrolls
 e - 2 scrolls of fog {unknown}
 g - a scroll of teleportation {unknown}
 i - 2 scrolls of amnesia {unknown}
 j - 3 scrolls of identify {unknown}
Potions
 d - a potion of brilliance {unknown}
 h - a potion of might {unknown}
 k - a potion of curing {unknown}
Books
 b - a book of Maledictions

   Spells                             Type                      Level
   a - Corona                         Hexes                        1
   b - Ensorcelled Hibernation        Hexes/Ice                    2
   c - Confuse                        Hexes                        3
   d - Tukima's Dance                 Hexes                        3
   e - Dazzling Spray                 Conjuration/Hexes            3
Comestibles
 c - 2 bread rations
 f - 2 meat rations
 l - a beef jerky


   Skills:
 + Level 0.2 Fighting
 + Level 1.2 Short Blades
 + Level 2.2 Dodging
 + Level 5.1 Stealth
 + Level 2.1 Spellcasting
 + Level 3.6 Hexes


You had 5 spell levels left.
You knew the following spells:

 Your Spells              Type           Power        Failure   Level  Hunger
a - Corona                Hex            ##.....      4%          1    #......


Dungeon Overview and Level Annotations

Branches:
Dungeon (2/15)

Altars:


Innate Abilities, Weirdness & Mutations

You cannot wear most types of armour.
You are very stealthy in the water.
You are amphibious.
You can wear up to eight rings at the same time.
You can use your tentacles to constrict eight enemies at once.
Your skin changes colour to match your surroundings (Stealth+).
Your rubbery body absorbs attacks. (AC +1, EV +1)


Message History

Things that are here:
a throwing net; a whip You are held in a net!
You are held in a net!
You are held in a net!
You struggle against the net.
You struggle against the net.
The gnoll barely misses you.
You struggle against the net.
The gnoll hits you with a whip.
You shred the net and break free! The gnoll hits you with a whip!
* * * LOW HITPOINT WARNING * * *
You hit the gnoll. You grab the gnoll.
You squeeze the gnoll, but do no damage.
The gnoll is lightly wounded.
You constrict the gnoll, but do no damage.
The gnoll closely misses you.
You hit the gnoll.
The gnoll is moderately wounded.
You constrict the gnoll, but do no damage.
The gnoll hits you with a whip!
You die...

#.. #.. . ######## #..
.. ......+ +.. ...
#....# #.. ...S #....#
#.. ..... ##....# #..
......#####.....######..
#>gg@........'....'.(
########.....######..
#.....# #..
#.....######.#
#.###........รท
#.###+####....
#.#...........
#.#...........
..+...........


You could see 2 gnolls and an adder.

Vanquished Creatures
  A gnoll (D:2)
  A worm (D:2)
  2 leopard geckos (D:1)
  A ball python (D:2)
  A giant cockroach (D:2)
  A goblin (D:1)
  7 hobgoblins (D:1)
  3 jackals (D:1)
  3 kobolds
  7 bats (D:1)
  4 frilled lizards (D:1)
  3 rats
34 creatures vanquished.

Notes
Turn   | Place    | Note
-------+----------+-------------------------------------------
     0 | D:1      | LORDOFBUTT the Octopode Enchanter began the quest for the Orb.
     0 | D:1      | Reached XP level 1. HP: 11/11 MP: 3/3
   161 | D:1      | Reached XP level 2. HP: 7/17 MP: 5/5
   487 | D:1      | Reached XP level 3. HP: 13/21 MP: 6/6
  1106 | D:2      | Reached skill level 5 in Stealth
  1111 | D:2      | HP: 1/21 [gnoll/whip (9)]
  1113 | D:2      | Mangled by a gnoll

Vault maps used:
D:1:      wheals_arrival_shading
D:2:      uniq_robin

Skill      XL: |  1  2  3 |
---------------+----------+-----
Stealth        | 5 |  5.1
Fighting       | |  0.2
Short Blades   | |  1.2
Dodging        | |  2.2
Spellcasting   | |  2.1
Hexes          | |  3.6

Action                   || total
-------------------------++-------
Melee: Dagger            ||    65
       Constrict         ||    14
       Tentacles         ||     7
 Stab: Sleeping          ||    12
Dodge: Dodged            ||    36
